 Dungeon Crawl Stone Soup version 0.29-a0-334-gb41bcbb86e (webtiles) character file.

Game seed: 17578976540608760246

94 Morbidden the Caller (level 4, -4/40 HPs)
             Began as a Troll Summoner on Apr 14, 2022.
             Killed by divine providence
             ... invoked by an orc priest
              (14 damage)
             ... on level 2 of the Dungeon.
             The game lasted 00:02:14 (1847 turns).

Morbidden the Caller (Troll Summoner)               Turns: 1847, Time: 00:02:14

Health: -4/40      AC:  8    Str: 16    XL:     4   Next: 38%
Magic:  5/5        EV: 10    Int: 13    God:
Gold:   60         SH:  0    Dex: 10    Spells: 5/6 levels left

rFire   . . .      SeeInvis .     - Unarmed
rCold   . . .      Faith    .   (no shield)
rNeg    . . .      Spirit   .   a - +0 robe
rPois   .          Reflect  .   (helmet restricted)
rElec   .          Harm     .   (no cloak)
rCorr   .          Rampage  .   (gloves unavailable)
Will    .....                   (boots unavailable)
Stlth   +.........              (no amulet)
HPRegen 0.93/turn               j - +4 ring of protection
MPRegen 0.09/turn               (no ring)

@: lethally poisoned (-4 -> -5)
A: large, unfitting armour, claws 3, regeneration 1, shaggy fur 1, tough skin 1
a: no special abilities


You were on level 2 of the Dungeon.
You visited 1 branch of the dungeon, and saw 2 of its levels.

You collected 60 gold pieces.

Inventory:

Armour
 a - a +0 robe (worn)
Jewellery
 i - the ring "Saebb" {Drain Fly rPois MP-9 AC+4}
   (You found it on level 2 of the Dungeon)

   [ring of protection]

   AC:        It affects your AC (+4).
   rPois:     It protects you from poison.
   MP:        It affects your magic capacity (-9).
   Fly:       It grants you flight.
   Drain:     It drains your maximum health when unequipped.
 j - a +4 ring of protection (left claw)
Scrolls
 c - a scroll of immolation {unknown}
 d - 3 scrolls of identify {unknown}
 f - a scroll of noise {unknown}
 k - a scroll of teleportation {unknown}
Potions
 b - a potion of magic
 e - a potion of berserk rage {unknown}
 g - a potion of degeneration {unknown}
 h - a potion of curing {unknown}


   Skills:
 * Level 0.5 Fighting
 * Level 2.2 Dodging
 + Level 1.0 Stealth
 * Level 1.6 Unarmed Combat
 * Level 1.5 Spellcasting
 * Level 3.5 Summonings


You had 5 spell levels left.
You knew the following spells:

 Your Spells              Type           Power      Damage    Failure   Level
a - Summon Small Mammal   Summ           40%        N/A       6%          1

Your spell library contained the following spells:

 Spells                   Type           Power      Damage    Failure   Level
 Call Imp                 Summ           10%        N/A       10%         2
 Call Canine Familiar     Summ           10%        N/A       19%         3
 Sandblast                Erth           2%         2d4       26%         1
 Summon Guardian Golem    Hex/Summ       5%         N/A       36%         3
 Passwall                 Tmut/Erth      0%         N/A       38%         2
 Stone Arrow              Conj/Erth      2%         3d7       63%         3
 Summon Lightning Spire   Summ/Air       5%         N/A       78%         4


Dungeon Overview and Level Annotations

Branches:
Dungeon (2/15)

Altars:


Innate Abilities, Weirdness & Mutations

You are too large for most types of armour.
You have claws for hands.
Your natural rate of healing is unusually fast.
You are covered in fur. (AC +1)
You have tough skin. (AC +1)


Message History

No target in view!
No target in view!
No target in view!
Found a stone staircase leading down.
An orc priest comes into view. It is wielding a +0 flail.
An orc priest comes into view. It is wielding a +0 dagger.
The orc priest shouts!
A goblin comes into view.
It is wielding a +0 dagger and quivering poisoned darts.
There are monsters nearby!
The goblin shouts!
There are monsters nearby!
The orc priest hits you but does no damage.
You barely miss the orc priest.
The orc priest hits you but does no damage.
You closely miss the orc priest.
The orc priest shouts!
The orc priest hits you with a +0 flail.
The goblin throws a poisoned dart.
The poisoned dart hits you!
You are poisoned.
You barely miss the orc priest.
You feel sick.
The orc priest invokes the aid of Beogh against you.
Beogh smites you!
The goblin throws a poisoned dart.
The poisoned dart closely misses you.
You barely miss the orc priest.
You feel sick.
The orc priest looks encouraged for a moment.
The orc priest calls down the wrath of Beogh upon you.
Pain shoots through your body!
* * * LOW HITPOINT WARNING * * *
You are too injured to fight recklessly!
You are too injured to fight recklessly!
You are too injured to fight recklessly!
Unknown command.
You are too injured to fight recklessly!
You are too injured to fight recklessly!
You closely miss the orc priest.
You feel sick.
A quokka comes into view.
The orc priest hits you but does no damage.
The orc priest calls down the wrath of Beogh upon you.
Beogh smites you!
You die...

#####...............#
####.....................
.......##...##............
..........#####......#.....
.......#####.........#....#
.......# #............
.......# ##......g...
....†..######...o...o..r
[...............@.......
.....................#..
.................##..#
.................## ....
.####..#..........##....
##.†##.##...............
#...(#..#.)......#>.....
#..#))..#........#.#..#
##.##.(##...............


You could see 2 orc priests, a quokka and a goblin.

Vanquished Creatures
  An orc priest (D:2)
  An adder (D:2)
  A gnoll (D:1)
  A worm (D:2)
  2 dart slugs (D:1)
  An orc (D:2)
  4 ball pythons
  3 bats
  5 endoplasms
  A giant cockroach (D:2)
  3 goblins (D:1)
  4 hobgoblins
  4 frilled lizards
  3 kobolds (D:1)
  A rat (D:2)
35 creatures vanquished.

Vanquished Creatures (collateral kills)
  A giant cockroach (D:1)
  A goblin (D:1)
2 creatures vanquished.

Grand Total: 37 creatures vanquished

Notes
Turn   | Place    | Note
-------+----------+-------------------------------------------
     0 | D:1      | Morbidden the Troll Summoner began the quest for the Orb.
     0 | D:1      | Reached XP level 1. HP: 16/16 MP: 1/1
    17 | D:1      | Reached skill level 3 in Summonings
   445 | D:1      | Found a faded altar of an unknown god.
   447 | D:1      | Reached XP level 2. HP: 24/24 MP: 3/3
  1424 | D:2      | Reached XP level 3. HP: 32/32 MP: 4/4
  1727 | D:2      | Reached skill level 1 in Unarmed Combat
  1732 | D:2      | Identified the ring "Saebb" {Drain Fly rPois MP-9 AC+4}
  1768 | D:2      | Reached XP level 4. HP: 8/40 MP: 5/5
  1847 | D:2      | Killed from afar by an orc priest

Illustrated notes

Levels and vault maps discovered:
D:1:      dpeg_arrival_morbid_curiosity, layout_basic,
          hellmonk_ecumenical_altar_arch_garden, chequers_decorated_corner
D:2:      layout_rooms, minmay_close_crescents

Skill      XL: |  1  2  3 |
---------------+----------+-----
Summonings     | 3 |  3.5
Unarmed Combat | 1 |  1.6
Dodging        | 2 |  2.2
Fighting       | |  0.5
Stealth        | |  1.0
Spellcasting   | |  1.5

Action                   |  1- 3 |  4- 6 || total
-------------------------+-------+-------++-------
Melee: Unarmed           |    99 |    27 ||   126
       Punch             |     1 |       ||     1
 Cast: Summon Small Mamm |    38 |       ||    38
 Stab: Sleeping          |     1 |       ||     1
Armor: Robe              |    53 |    14 ||    67
Dodge: Dodged            |    48 |    28 ||    76

Table legend: (Time is in decaauts)
 A = Elapsed time spent in this place.
 B = Non-inter-level travel time spent in this place.
 C = Inter-level travel time spent in this place.
 D = Time resting spent in this place.
 E = Time spent auto-exploring this place.
 F = Levels seen in this place.
 G = Mean time per level.
                   A        B        C        D        E       F      G
               +--------+--------+--------+--------+--------+-----+--------+
         Total |   1845 |   1804 |     41 |    364 |   1083 |   2 |  922.5 |
       Dungeon |   1845 |   1804 |     41 |    364 |   1083 |   2 |  922.5 |
               +--------+--------+--------+--------+--------+-----+--------+

Top non-repeatable levels by time:
     D:1: 1548 daAuts
     D:2: 297 daAuts
